cohdb
Replays
Latest Replays
All Replays
Popular Replays
Top Player Replays
Match Explorer
How It Works
Community
CoH3 Stats
Reddit
Sign in to upload your games and track your stats! →
Sign in with Steam
Match 42176963
Unlisted
Match 42176963
Overview
Messages
Build Orders
End
Scout Squad
Construct Weapon Support Center
M1919 Machine Gun Team
M1919 Machine Gun Team
Construct Barracks
M1919 Machine Gun Team
Bazooka Squad
Riflemen Squad
Riflemen Squad
Grenade Package
Infantry Support Center
Construct Medical Station
Bazooka Squad
M1918 Browning Automatic Rifles
Construct Motor Pool
M1 Anti-tank Gun Team
M1 Anti-tank Gun Team
M1 Anti-tank Gun Team
Riflemen Squad
Scout Squad
Riflemen Squad
SUPACAUSAL
WadoVice
0
0
Comments
sign in to comment!
No comments posted yet!